 Dungeon Crawl Stone Soup version 0.31-a0-174-g85c54bcb58 (webtiles) character file.

Game seed: 1689657720734804969

96 qw the Shooter (level 4, -1/28 HPs)
             Began as a Gargoyle Hunter on June 16, 2023.
             Slain by an orc
             ... wielding a +0 dagger
              (3 damage)
             ... on level 2 of the Dungeon.
             The game lasted 00:00:34 (1252 turns).

qw the Shooter (Gargoyle Hunter)                    Turns: 1252, Time: 00:00:35

Health: -1/28      AC:  6    Str: 15    XL:     4   Next: 67%
Magic:  4/4        EV: 11    Int:  9    God:
Gold:   81         SH:  0    Dex: 15    Spells: 3/3 levels left

rFire   . . .        Y - +0 shortbow
rCold   . . .        (shield currently unavailable)
rNeg    + . .        c - +0 leather armour
rPois   inf          (no helmet)
rElec   +            (no cloak)
rCorr   .            (no gloves)
SInv    .            (no boots)
Will    .....        (no amulet)
Stlth   ++           (no ring)
HPRegen 0.24/turn    (no ring)
MPRegen 0.09/turn

%: no passive effects
@: no status effects
A: sickness immunity, AC +3, negative energy resistance 1, electricity
resistance, torment resistance 1, petrification resistance
a: no special abilities


You were on level 2 of the Dungeon.
You visited 1 branch of the dungeon, and saw 2 of its levels.

You collected 81 gold pieces.


Innate Abilities, Weirdness & Mutations

You are immune to sickness and miasma.
Your stone body is resilient. (AC +3)
You are immune to poison.
You resist negative energy. (rN+)
You are resistant to electric shocks. (rElec)
You are resistant to unholy torment.
You are immune to petrification.


   Skills:
 - Level 3.1 Fighting
 + Level 5.5 Ranged Weapons
 - Level 1.5 Dodging
 - Level 1.1 Stealth


You had 3 spell levels left.
You didn't know any spells.
Your spell library was empty.

Inventory:

Hand Weapons
 Y - a +0 shortbow (weapon)
Armour
 a - a +1 helmet
 c - a +0 leather armour (worn)
Scrolls
 b - a scroll of amnesia {unknown}
 d - a scroll of poison {unknown}
Potions
 g - 2 potions of enlightenment {unknown}
 k - a potion of berserk rage {unknown}

Dungeon Overview and Level Annotations

Branches:
Dungeon (2/15)

Altars:


Message History

The orc barely misses you. The orc closely misses you.
Something hits you but does no damage. The orc hits you but does no damage.
The orc barely misses you. Something completely misses you.
The orc hits you with a +0 club. The orc hits you but does no damage.
Something hits you but does no damage.
The orc barely misses you. x2; Something hits you but does no damage.
The orc hits you with a +0 club. The orc hits you with a +0 dagger.
Something hits you but does no damage. The orc hits you with a +0 club.
The orc closely misses you. Something completely misses you.
The orc barely misses you. x2; Something hits you but does no damage.
The orc closely misses you. The orc hits you but does no damage.
Something hits you. The orc misses you. The orc closely misses you.
Something hits you but does no damage.
You feel less confused. The orc hits you with a +0 club.
The orc closely misses you. Something hits you but does no damage.
You shoot an arrow. The arrow closely misses the orc.
The orc hits you but does no damage. Something hits you but does no damage.
The orc closely misses you. The orc barely misses you. The orc misses you.
Something hits you but does no damage.
You shoot an arrow. The arrow barely misses the orc.
The orc barely misses you. The orc hits you but does no damage.
Something hits you.
You shoot an arrow. The arrow hits the orc!
You kill the orc!
The orc hits you but does no damage. Something hits you but does no damage.
You shoot an arrow. The arrow closely misses the orc.
The orc hits you but does no damage. Something hits you but does no damage.
You shoot an arrow. The arrow barely misses the orc.
You hear some strange, mumbled words.
A magic dart appears from out of thin air!
The magic dart hits you. The orc barely misses you.
You shoot an arrow. The arrow hits the orc.
The orc is severely wounded.
The orc hits you but does no damage. Something hits you but does no damage.
The orc hits you with a +0 dagger.
You die...

#. #.
####.########.#
.......{).....#
#......@o#
#........#
+........#
#........#
#........#
#........#
#.....>..#
#######'## #.#


You could see an orc.

Vanquished Creatures
  Natasha (twice) (D:2)
  An adder (D:1)
  3 orcs (D:2)
  3 ball pythons (D:1)
  5 bats
  2 endoplasms (D:1)
  3 giant cockroaches (D:1)
  3 goblins
  3 hobgoblins (D:1)
  2 jackals (D:1)
  2 quokkas
  A frilled lizard (D:2)
  3 rats
33 creatures vanquished.

Notes
Turn   | Place    | Note
-------+----------+-------------------------------------------
     0 | D:1      | qw the Gargoyle Hunter began the quest for the Orb.
     0 | D:1      | Reached XP level 1. HP: 12/12 MP: 1/1
     0 | D:1      | 0 ||| qw: Version: 0.2-a-29-g511e9b1
     0 | D:1      | 0 ||| qw: Game counter: 5637
     0 | D:1      | 0 ||| qw: Always use a shield: true
     0 | D:1      | 0 ||| qw: God list: Okawaru
     0 | D:1      | 0 ||| qw: Allow faded altars: false
     0 | D:1      | 0 ||| qw: Do Orc after D:15 true
     0 | D:1      | 0 ||| qw: Do second Lair branch before Depths: true
     0 | D:1      | 0 ||| qw: Lair rune preference: random
     0 | D:1      | 0 ||| qw: Plans: Normal, Zot:1-4, Slime:5, God:TSO, Crypt,
                  | Tomb, Abyss, Pan, Hells, Win
     0 | D:1      | 0 ||| PLANNING D:1-11
     6 | D:1      | Noticed a rime drake
     6 | D:1      | Noticed a lindwurm
     6 | D:1      | Noticed an iguana
     7 | D:1      | Noticed a killer bee
     7 | D:1      | Noticed a polar bear
   162 | D:1      | Reached XP level 2. HP: 16/17 MP: 2/2
   489 | D:1      | Reached XP level 3. HP: 21/21 MP: 3/3
   733 | D:1      | Found a faded altar of an unknown god.
   845 | D:1      | 845 ||| READING scroll labelled GEITZU SAKEU.
   846 | D:1      | 846 ||| READING scroll labelled DIAQAN UCKEFEPU.
   947 | D:1      | 947 ||| READING scroll labelled ZUDOZANEAZ.
   948 | D:1      | 948 ||| READING scroll labelled TUM LAAKIUP.
   949 | D:1      | 949 ||| READING scroll labelled COFREOCKIEXU.
   950 | D:1      | 950 ||| DRINKING 2 orange potions.
   951 | D:1      | 951 ||| DROPPING scroll of butterflies.
   952 | D:1      | 952 ||| DROPPING potion of invisibility.
   981 | D:2      | 981 ||| STAIRDANCE
   986 | D:1      | Reached skill level 5 in Ranged Weapons
  1020 | D:2      | Noticed Natasha
  1026 | D:2      | Killed Natasha
  1027 | D:2      | Reached skill level 3 in Fighting
  1027 | D:2      | Reached XP level 4. HP: 26/28 MP: 4/4
  1111 | D:2      | Noticed Natasha
  1125 | D:2      | Killed Natasha
  1242 | D:2      | HP: 7/28 [orc/+0 club (1)]
  1248 | D:2      | HP: 4/28 [something (1)]
  1252 | D:2      | Slain by an orc

Levels and vault maps discovered:
D:1:      onia_arrival_zoo_common, layout_basic, shapermc_ecumenical_altar_petra
D:2:      layout_basic, minmay_hedge_maze, uniq_crazy_yiuf_cottage, uniq_natasha

Skill      XL: |  1  2  3 |
---------------+----------+-----
Ranged Weapons | 5 |  5.5
Fighting       | 3 |  3.1
Dodging        | |  1.5
Stealth        | |  1.1

Action                     |  1- 3 |  4- 6 || total
---------------------------+-------+-------++-------
   Fire: Shortbow          |    72 |    43 ||   115
    Use: Scroll            |     5 |       ||     5
         Potion            |     1 |       ||     1
 Armour: Leather armour    |    14 |    46 ||    60
  Dodge: Dodged            |    14 |    43 ||    57

Table legend:
 A = Non-vault XP
 B = Vault XP
 C = Vault XP percentage of total XP
 D = Non-vault monster count
 E = Vault monster count
 F = Vault count percentage of total count
                 A         B        C        D         E       F
            +---------+---------+-------+---------+---------+-------
      Total |     103 |      35 |  25.4 |      32 |       1 |   3.0
            +---------+---------+-------+---------+---------+-------
        D:1 |      51 |       0 |   0.0 |      22 |       0 |   0.0
        D:2 |      52 |      35 |  40.2 |      10 |       1 |   9.1
            +---------+---------+-------+---------+---------+-------
